 Dungeon Crawl Stone Soup version 0.19.4-9-g45fd643 (webtiles) character file.

6582 Gargoyl the Protected (level 11, 0/92 HPs)
             Began as a Ghoul Abyssal Knight on Feb 16, 2017.
             Was an Elder of Lugonu.
             Slain by a troll (10 damage)
             ... on level 10 of the Dungeon.
             The game lasted 00:21:32 (9140 turns).

Gargoyl the Protected (Ghoul Abyssal Knight)        Turns: 9140, Time: 00:21:33

Health: 0/92       AC: 19    Str: 17    XL:     11   Next: 1%
Magic:  16/16      EV:  6    Int:  7    God:    Lugonu [****..]
Gold:   708        SH:  4    Dex: 14    Spells: 0 memorised, 10 levels left

rFire  . . .     SeeInvis .     a - +7 hand axe
rCold  + . .     Gourm    .     e - +1 plate armour
rNeg   + + +     Faith    .     m - +0 buckler
rPois  ∞         Spirit   .     (no helmet)
rElec  .         Reflect  .     y - +0 cloak
rCorr  .         Harm     .     h - +2 pair of gloves
MR     .....                    (no boots)
Stlth  ..........               (no amulet)
                                (no ring)
                                b - +3 ring of dexterity

@: rotting
A: rotting body, claws 1, carnivore 3, cold resistance 1, negative energy
resistance 3, slow regeneration 1, torment resistance, unbreathing
a: Depart the Abyss, Bend Space, Banish, Corrupt, Renounce Religion


You were on level 10 of the Dungeon.
You worshipped Lugonu.
Lugonu was greatly pleased with you.
You were not hungry.

You visited 1 branch of the dungeon, and saw 10 of its levels.
You visited the Abyss 1 time.
You also visited: Sewer.

You collected 708 gold pieces.

Inventory:

Hand Weapons
 a - a +7 hand axe (weapon)
 l - a +0 war axe
Missiles
 o - 5 tomahawks (quivered)
Armour
 e - a +1 plate armour (worn)
 h - a +2 pair of gloves (worn)
 m - a +0 buckler (worn)
 y - a +0 cloak (worn)
Jewellery
 b - a +3 ring of dexterity (left hand)
Wands
 q - a wand of lightning (2/15)
 s - a wand of slowing (10/48)
 v - a wand of random effects (40/48)
 x - a wand of flame (14/48)
 A - a wand of hasting (6/9)
Scrolls
 d - 7 scrolls of identify
 n - 8 scrolls of remove curse
 u - 5 scrolls of teleportation
 I - 2 scrolls of recharging
Potions
 f - 2 potions of berserk rage
 g - a potion of agility {unknown}
 i - 2 potions of brilliance
 j - a potion of magic
 k - a potion of degeneration
 t - 2 potions of flight
 w - a potion of heal wounds
 z - 2 potions of curing
Books
 C - a book of Misfortune

   Spells                             Type                      Level
   a - Confusing Touch                Hexes                        1
   b - Confuse                        Hexes                        3
   c - Gell's Gravitas                Hexes/Translocation          3
   d - Petrify                        Transmutation/Earth          4
   e - Metabolic Englaciation         Hexes/Ice                    5
   f - Yara's Violent Unravelling     Hexes/Transmutation          5
 E - a book of Flames

   Spells                             Type                      Level
   a - Flame Tongue                   Conjuration/Fire             1
   b - Throw Flame                    Conjuration/Fire             2
   c - Conjure Flame                  Conjuration/Fire             3
   d - Inner Flame                    Hexes/Fire                   3
   e - Sticky Flame                   Conjuration/Fire             4
   f - Fireball                       Conjuration/Fire             5
 G - a book of Enchantments

   Spells                             Type                      Level
   a - Cause Fear                     Hexes                        4
   b - Yara's Violent Unravelling     Hexes/Transmutation          5
   c - Silence                        Hexes/Air                    5
   d - Deflect Missiles               Charms/Air                   6
   e - Discord                        Hexes                        8
Comestibles
 c - 9 meat rations
 p - a beef jerky
 r - 2 slices of pizza
 B - a royal jelly


   Skills:
 + Level 7.1 Fighting
 + Level 8.6 Axes
 * Level 8.7 Armour
 + Level 1.5 Dodging
 + Level 2.6 Shields
 * Level 8.0 Invocations
 + Level 1.2 Evocations


You had 10 spell levels left.
You didn't know any spells.

Dungeon Overview and Level Annotations

Branches:
Dungeon (10/15)            Temple (0/1) D:5             Orc (0/2) D:10
   Lair: D:8-11

Altars:
Elyvilon
Fedhas
Qazlal

Shops:
D:5 [

Annotations:
D:7 exclusion: oklob plant


Innate Abilities, Weirdness & Mutations

Your body is rotting away.
You thrive on raw meat.
You are immune to poison.
You have sharp fingernails.
You are carnivorous and can eat meat at any time.
Your flesh is cold resistant. (rC+)
You are immune to negative energy. (rN+++)
You regenerate slowly when monsters are visible.
You are immune to unholy pain and torment.
You can survive without breathing.


Message History

The troll barely misses you. The troll claws you but does no damage.
This raw flesh tastes great!
You slash the troll!
The troll is severely wounded.
The troll bites you but does no damage. The troll closely misses you.
The troll claws you.
You hit the troll.
The troll is almost dead.
The troll bites you!
* * * LOW HITPOINT WARNING * * *
The troll claws you but does no damage. x2
You closely miss the troll.
The troll is almost dead.
The troll closely misses you. The troll claws you!
* * * LOW HITPOINT WARNING * * *
The troll claws you but does no damage.
You hit the troll.
The troll is almost dead.
The troll bites you!
You die...

..........# ###......#
####### o.O......+
#8...8# ###......#
#.....# ..#......#
#..>..# #.#..o...#
#.....######
#.#....O.####8...8#....#
#.#.........###)###.##.#
#.#......##....T@(..##.#
#.#......#############.#
#O#......# #.#
#.#......# #.#
#.#......# ### #.#
#.######## #.. #.# #.###
#.# #.# #...# #.### #.#
#o..# #.#.. #.#


You could see a troll.

Vanquished Creatures
  Psyche (D:9)
  A troll (D:7)
  Grinder (Sewer)
  A two-headed ogre (D:8)
  Sigmund (D:3)
  A spriggan (D:7)
  5 yaks (D:9)
  A wyvern (D:10)
  2 wraiths (D:10)
  A water moccasin (D:6)
  2 black bears (D:9)
  2 phantoms
  3 sky beasts
  2 orc warriors (D:9)
  3 ogres
  A centaur (D:9)
  8 big kobolds
  3 bullfrogs
  A gnoll sergeant (D:10)
  A scorpion (D:10)
  The ghost of Painkiller the Skirmisher, a weakling DrBe of Trog (D:3)
  7 wights
  A crimson imp (D:8)
  A bullfrog zombie (D:4)
  A centaur zombie (D:7)
  5 orc priests
  2 bullfrog skeletons
  7 hounds
  2 iguanas
  2 jellies
  4 orc wizards
  9 worker ants
  A killer bee zombie (D:8)
  2 big kobold zombies (Sewer)
  A hound zombie (D:9)
  A hound skeleton (D:4)
  2 gnolls (D:10)
  9 adders
  7 shadow imps
  An ufetubus (Sewer)
  2 oozes (Sewer)
  An adder skeleton (D:6)
  A worm (D:4)
  2 dart slugs (D:1)
  4 leopard geckos
  23 orcs
  6 bats
  10 giant cockroaches
  9 hobgoblins
  18 jackals
  44 kobolds
  A quokka (D:2)
  2 frilled lizards (D:3)
  A giant cockroach zombie (D:5)
  6 goblins
  A kobold zombie (Sewer)
  A leopard gecko zombie (D:9)
  6 rats
245 creatures vanquished.

Vanquished Creatures (others)
  The ghost of tschems the Cleaver, a novice HuFi of Okawaru (D:7)
  An orc warrior (D:10)
  A quasit (Sewer)
  A jelly (D:6)
  An orc priest (D:6)
  An ooze (Sewer)
  A kobold zombie (Sewer)
  2 fungi (D:7)
  A plant (D:7)
10 creatures vanquished.

Grand Total: 255 creatures vanquished

Notes
Turn   | Place    | Note
-------+----------+-------------------------------------------
     0 | Abyss:1  | Gargoyl the Ghoul Abyssal Knight began the quest for the Orb.
     0 | Abyss:1  | Reached XP level 1. HP: 19/19 MP: 1/1
     6 | Abyss:1  | Found a basalt altar of Yredelemnul.
    97 | Abyss:2  | Noticed a smoke demon
    99 | D:1      | Escaped the Abyss
   173 | D:1      | Reached XP level 2. HP: 23/26 MP: 2/2
   260 | D:1      | Reached * piety under Lugonu
   467 | D:1      | Reached XP level 3. HP: 24/33 MP: 3/3
  1512 | D:3      | Noticed Sigmund
  1550 | D:3      | Killed Sigmund
  1550 | D:3      | Reached XP level 4. HP: 32/40 MP: 3/5
  1550 | D:3      | Reached XP level 5. HP: 37/46 MP: 3/6
  1744 | D:3      | Noticed Painkiller's ghost (weakling DrBe)
  1755 | D:3      | Reached XP level 6. HP: 46/52 MP: 7/7
  1781 | D:3      | Killed Painkiller's ghost
  2055 | D:3      | Reached ** piety under Lugonu
  2355 | D:4      | Reached skill level 1 in Dodging
  2597 | D:4      | Reached XP level 7. HP: 19/59 MP: 8/8
  2956 | D:5      | Entered Level 5 of the Dungeon
  2965 | D:5      | Found Zyadear's Antique Armour Shop.
  2973 | D:5      | Found a stormy altar of Qazlal.
  3189 | D:5      | Found a staircase to the Ecumenical Temple.
  3679 | D:6      | Found a glowing drain.
  3692 | Sewer    | Entered a sewer
  3788 | Sewer    | Reached *** piety under Lugonu
  3826 | Sewer    | Reached skill level 5 in Axes
  3826 | Sewer    | Reached XP level 8. HP: 46/67 MP: 10/10
  3868 | Sewer    | Found a burning altar of Makhleb.
  3874 | Sewer    | Noticed Grinder
  3881 | Sewer    | Paralysed by Grinder for 5 turns
  3900 | Sewer    | Killed Grinder
  3900 | Sewer    | Reached skill level 5 in Fighting
  3900 | Sewer    | Reached skill level 5 in Armour
  3900 | Sewer    | Reached skill level 1 in Shields
  4487 | D:6      | Reached skill level 5 in Invocations
  4576 | D:6      | Reached XP level 9. HP: 73/75 MP: 11/11
  5073 | D:7      | Noticed a troll
  5087 | D:7      | Killed a troll
  5729 | D:7      | Noticed tschems's ghost (novice HuFi)
  5732 | D:7      | Banished tschems's ghost
  5741 | D:7      | Found a blossoming altar of Fedhas.
  5754 | D:7      | Noticed an oklob plant
  6538 | D:8      | Reached XP level 10. HP: 76/81 MP: 14/14
  6721 | D:8      | Reached skill level 1 in Evocations
  7412 | D:9      | HP: 4/83 [yak (2)]
  7609 | D:9      | Noticed Psyche
  7624 | D:9      | Killed Psyche
  7850 | D:9      | Found a white marble altar of Elyvilon.
  7859 | D:9      | Reached **** piety under Lugonu
  8044 | D:10     | Entered Level 10 of the Dungeon
  8440 | D:10     | Found a staircase to the Orcish Mines.
  9068 | D:10     | Reached XP level 11. HP: 58/92 MP: 16/16
  9140 | D:10     | Slain by a troll

Skill      XL: |  1  2  3  4  5  6  7  8  9 10 |
---------------+-------------------------------+-----
Armour         | 2 3 4 5 7 8 |  8.7
Axes           | 2 3 4 5 6 7 8 |  8.6
Fighting       | 4 5 6 7 |  7.1
Invocations    | 3 4 5 7 8 |  8.0
Dodging        | 1 |  1.5
Shields        | 1 2 |  2.6
Evocations     | 1 |  1.2

Action                   |  1- 3 |  4- 6 |  7- 9 | 10-12 || total
-------------------------+-------+-------+-------+-------++-------
Melee: Hand axe          |   163 |   142 |   381 |   358 ||  1044
Invok: Depart the Abyss  |     1 |       |       |       ||     1
       Banish            |       |       |     6 |     1 ||     7
Evoke: Wand              |       |       |    11 |       ||    11
  Use: Scroll            |     7 |     5 |    12 |     4 ||    28
       Potion            |       |     2 |     3 |    11 ||    16
 Stab: Invisible         |       |       |       |     1 ||     1
  Eat: Chunk             |    19 |    11 |    34 |    61 ||   125
Armor: Plate armour      |   172 |   122 |   377 |   242 ||   913
Dodge: Dodged            |    51 |    31 |   106 |    87 ||   275
Block: Buckler           |     7 |    15 |    62 |    54 ||   138
